[Event "FIDE World Rapid Chess Championship 2021"]
[White "Kovalev, Vladislav"]
[Black "Czarnota, Pawel"]
[WhiteFideId "13504398"]
[BlackFideId "1121219"]
[WhiteElo "2647"]
[BlackElo "2511"]
[Result "1/2-1/2"]
[Round "07"]
[TimeControl "900+10"]
[Date "2021.12.27"]
[WhiteClock "0:00:26"]
[BlackClock "0:02:38"]

1. e4 c5 2. Be2 Nc6 3. d3 e6 4. f4 d5 5. Nf3 Nf6 6. e5 Nd7 7. O-O Be7 8. c3 O-O 9. Na3 f6 10. d4 cxd4 11. cxd4 Qb6 12. Kh1 fxe5 13. fxe5 Rxf3 14. Bxf3 Qxd4 15. Qxd4 Nxd4 16. Bf4 Nc5 17. Rad1 Nxf3 18. Rxf3 Bd7 19. Nc2 Ba4 20. b3 Be8 21. Rc1 Bh5 22. Rc3 a5 23. Be3 b6 24. Nd4 Bf8 25. h3 h6 26. Kh2 Bg6 27. Nb5 Rd8 28. Bd4 Rd7 29. Nd6 Bxd6 30. exd6 Rxd6 31. Bxc5 bxc5 32. Rxc5 d4 33. Rc6 Rd5 34. Rxe6 Bf5 35. Re2 d3 36. Rd2 h5 37. Kg3 Kf7 38. Kf4 Bg6 39. Rc7+ Kf6 40. Rc6+ Kf7 41. Ke3 Bf5 42. Rf2 h4 43. Rc4 g5 44. Rc6 Ke7 45. Kd2 Kd7 46. Rf6 Be4 47. Ke3 Re5 48. Kd4 Rd5+ 49. Ke3 Re5 50. Kd2 Rc5 51. Rh6 Rc2+ 52. Ke3 Rxf2 53. Kxf2 Bxg2 54. Ke3 Bxh3 55. Rh5 Ke6 56. Rxg5 Bf5 57. Rg2 h3 58. Rf2 Ke5 59. Rh2 Bg4 60. Kxd3 Kf4 61. Kc4 Kg3 62. Rxh3+ Bxh3 63. Kb5 Kf4 64. Kxa5 Be6 65. Kb4 Ke5 66. Kc5 Bd5 1/2-1/2


[Site "http://www.Chess.com"]

[Event "FIDE World Rapid Chess Championship 2021"]
[White "Heimann, Andreas"]
[Black "Erigaisi, Arjun"]
[WhiteFideId "24624632"]
[BlackFideId "35009192"]
[WhiteElo "2616"]
[BlackElo "2397"]
[Result "1-0"]
[Round "07"]
[TimeControl "900+10"]
[Date "2021.12.27"]
[WhiteClock "0:00:00"]
[BlackClock "0:02:20"]

1. d4 Nf6 2. c4 e6 3. Nf3 d5 4. Nc3 Bb4 5. cxd5 exd5 6. Bg5 h6 7. Bh4 O-O 8. e3 Bf5 9. Be2 Nbd7 10. Qb3 a5 11. a3 Bxc3+ 12. bxc3 c5 13. Bxf6 c4 14. Qxc4 Nxf6 15. Qb3 Qc7 16. Nd2 Rfc8 17. Rc1 Be6 18. O-O a4 19. Qb4 b5 20. Qxb5 Rab8 21. Qxa4 Rb2 22. Qd1 Qa5 23. Nb3 Qxa3 24. Nc5 Bf5 25. c4 dxc4 26. Bxc4 Bg4 27. Qd3 Qb4 28. f3 Bh5 29. Ne4 Re8 30. Nxf6+ gxf6 31. Rb1 Rb8 32. Rxb2 Qxb2 33. Qf5 Qc3 34. Qxh5 Qxc4 35. Qxh6 Qe2 36. Qf4 Rb2 37. Qg3+ Kf8 38. Re1 Qd2 39. h4 f5 40. h5 Rb6 41. Qf2 Qc3 42. e4 f4 43. Kh2 Rh6 44. Qh4 Qxd4 45. Qg5 Qh8 46. Qd8+ Kg7 47. Qxh8+ Rxh8 48. Kh3 Kf6 49. Kh4 Rg8 50. Re2 Rg3 51. Ra2 Kg7 52. Ra5 f6 53. Ra7+ Kg8 54. h6 Rxg2 55. Rg7+ Rxg7 56. hxg7 Kxg7 57. Kg4 Kf7 58. Kxf4 Ke6 59. Kg3 Kd6 60. Kh4 Ke5 61. Kg4 Ke6 62. Kf4 Kf7 63. Kf5 Ke7 64. Kg6 1-0


[Site "http://www.Chess.com"]

[Event "FIDE World Rapid Chess Championship 2021"]
[White "Ter-Sahakyan, Samvel"]
[Black "Sychev, Klementy"]
[WhiteFideId "13302531"]
[BlackFideId "4114060"]
[WhiteElo "2573"]
[BlackElo "2461"]
[Result "1/2-1/2"]
[Round "07"]
[TimeControl "900+10"]
[Date "2021.12.27"]
[WhiteClock "0:00:32"]
[BlackClock "0:00:51"]

1. e4 c5 2. Nf3 e6 3. d4 cxd4 4. Nxd4 Nf6 5. Nc3 Nc6 6. Ndb5 Bc5 7. Bf4 O-O 8. Bc7 Qe7 9. Bd6 Bxd6 10. Qxd6 Qd8 11. O-O-O a6 12. Nd4 Ne7 13. g4 b5 14. g5 Ne8 15. Qg3 b4 16. Nce2 Bb7 17. Bg2 a5 18. Kb1 a4 19. h4 Qc7 20. f4 Nd6 21. f5 exf5 22. h5 Rfc8 23. Qe5 Ra5 24. Qxe7 b3 25. Nc3 bxa2+ 26. Nxa2 a3 27. b3 Bxe4 28. Bxe4 Nxe4 29. g6 hxg6 30. hxg6 fxg6 31. Rd3 Nf2 32. Rc3 Rc5 33. Rxc5 Qxc5 34. Qxc5 Rxc5 35. Rg1 Rd5 36. c3 Kf7 37. Kc2 Ne4 38. b4 g5 39. b5 f4 40. Kd3 Nd6 41. Re1 Nxb5 42. Kc4 Nc7 43. Nb4 Ra5 44. Nb3 Rf5 45. Nd4 Ra5 46. Nb3 Ra7 47. Nc5 Ne6 48. Ncd3 Kg6 49. Nd5 a2 50. Ne5+ Kf5 51. Ne7+ Kf6 52. Nd5+ Kf5 53. Ne7+ Kf6 54. Ng8+ Kf5 1/2-1/2


[Site "http://www.Chess.com"]

[Event "FIDE World Rapid Chess Championship 2021"]
[White "Vakhidov, Jakhongir"]
[Black "Mikhalevski, Victor"]
[WhiteFideId "14201801"]
[BlackFideId "2801914"]
[WhiteElo "2566"]
[BlackElo "2366"]
[Result "0-1"]
[Round "07"]
[TimeControl "900+10"]
[Date "2021.12.27"]
[WhiteClock "0:01:29"]
[BlackClock "0:05:44"]

1. c4 Nf6 2. Nc3 d5 3. cxd5 Nxd5 4. g3 e5 5. Bg2 Nb6 6. Nf3 Nc6 7. O-O Be7 8. b3 O-O 9. Bb2 Re8 10. Rc1 Bf8 11. Ne4 a5 12. Qc2 f5 13. Nc3 e4 14. Ne1 Nd4 15. Qd1 Nc6 16. d3 e3 17. fxe3 Rxe3 18. Nb5 a4 19. Nc2 Re8 20. Kh1 Ne5 21. d4 Ng4 22. d5 Bd7 23. Nbd4 Qg5 24. Qd3 a3 25. Nf3 axb2 0-1


[Site "http://www.Chess.com"]

[Event "FIDE World Rapid Chess Championship 2021"]
[White "Puranik, Abhimanyu"]
[Black "Dvirnyy, Danyyil"]
[WhiteFideId "5061245"]
[BlackFideId "817570"]
[WhiteElo "2472"]
[BlackElo "2550"]
[Result "1-0"]
[Round "07"]
[TimeControl "900+10"]
[Date "2021.12.27"]
[WhiteClock "0:01:38"]
[BlackClock "0:01:35"]

1. e4 e5 2. Nf3 Nc6 3. Bb5 a6 4. Ba4 Nf6 5. O-O Be7 6. Re1 b5 7. Bb3 d6 8. c3 O-O 9. d4 Bg4 10. d5 Na5 11. Bc2 c6 12. h3 Bc8 13. dxc6 Qc7 14. Nbd2 Qxc6 15. Nf1 Be6 16. Ng5 Bd7 17. Ng3 Rac8 18. Bd3 Rfe8 19. Qe2 Bd8 20. Rd1 Nc4 21. b3 Nb6 22. Bb2 h6 23. Nf3 d5 24. Rac1 dxe4 25. Nxe4 Nfd5 26. Qf1 Nf4 27. Bb1 Bc7 28. Ba3 Bf5 29. Nd6 Bxb1 30. Nxc8 Bd3 31. Rxd3 Nxd3 32. Qxd3 Rxc8 33. Qe2 f6 34. c4 bxc4 35. bxc4 Rd8 36. Nh4 e4 37. Nf5 Kh7 38. Qg4 Qd7 39. c5 g6 40. Ng3 Qxg4 41. hxg4 Nd5 42. Nxe4 Re8 43. f3 f5 44. gxf5 gxf5 45. Rd1 fxe4 46. Rxd5 Bg3 47. Kf1 exf3 48. gxf3 Re3 49. Bb4 Rxf3+ 50. Kg2 Rf4 51. Bd2 Rg4 52. Kf3 Rg6 53. Rd7+ Kg8 54. c6 Bh2 55. c7 Rf6+ 56. Kg4 Bxc7 57. Rxc7 Rf2 58. Rd7 Kf8 59. a3 Ke8 60. Rd6 Ke7 61. Bb4 h5+ 62. Kxh5 Rf5+ 63. Kg6 Rb5 64. Rxa6+ Kd7 65. Kf6 Kc7 66. Re6 Kb7 67. Re4 Rh5 68. Ke6 Kb6 69. a4 Rh7 70. Kd5 Rh5+ 71. Kc4 Rh6 72. Bc3 Rc6+ 73. Kb4 Ka6 74. Bd4 Rd6 75. Bc5 Rh6 76. Re7 Rh4+ 77. Kb3 Rh3+ 78. Be3 Rh7 79. Rxh7 1-0


[Site "http://www.Chess.com"]

[Event "FIDE World Rapid Chess Championship 2021"]
[White "Heberla, Bartlomiej"]
[Black "Kobalia, Mikhail"]
[WhiteFideId "1115120"]
[BlackFideId "4119150"]
[WhiteElo "2437"]
[BlackElo "2543"]
[Result "1/2-1/2"]
[Round "07"]
[TimeControl "900+10"]
[Date "2021.12.27"]
[WhiteClock "0:00:26"]
[BlackClock "0:03:52"]

1. d4 d5 2. c4 c6 3. Nc3 dxc4 4. e3 b5 5. a4 b4 6. Nb1 Ba6 7. Nf3 Nf6 8. Be2 e6 9. O-O Be7 10. Nbd2 c3 11. bxc3 bxc3 12. Nb1 Qa5 13. Ba3 Bxa3 14. Rxa3 Ne4 15. Bd3 Nd2 16. Bxa6 Nxa6 17. Nbxd2 cxd2 18. Qxd2 Qxd2 19. Nxd2 c5 20. dxc5 Nxc5 21. Rc1 Nd7 22. Rc7 Nf6 23. Rb3 O-O 24. g3 Nd5 25. Rcb7 a5 26. Nc4 Rac8 27. Ne5 Nb4 28. Ra7 f6 29. Nf3 Ra8 30. Rxa8 Rxa8 31. Rc3 e5 32. Rc5 Nd3 33. Rb5 Rc8 34. Rd5 Nc5 35. Nd2 Nxa4 1/2-1/2


[Site "http://www.Chess.com"]

[Event "FIDE World Rapid Chess Championship 2021"]
[White "Bellahcene, Bilel"]
[Black "Tari, Aryan"]
[WhiteFideId "696358"]
[BlackFideId "1510045"]
[WhiteElo "2397"]
[BlackElo "2542"]
[Result "0-1"]
[Round "07"]
[TimeControl "900+10"]
[Date "2021.12.27"]
[WhiteClock "0:00:21"]
[BlackClock "0:02:11"]

1. e4 e5 2. Nc3 Nf6 3. d4 exd4 4. Qxd4 Nc6 5. Qd3 Bb4 6. Bd2 O-O 7. O-O-O Re8 8. f3 d6 9. a3 Bc5 10. Bg5 h6 11. Bh4 Ne5 12. Qe2 b5 13. Nd5 g5 14. Bf2 Bxf2 15. Qxf2 Nxd5 16. Rxd5 Be6 17. Rd2 b4 18. axb4 a5 19. b5 a4 20. Qe3 Qf6 21. Qc3 a3 22. bxa3 Ra7 23. b6 cxb6 24. Bb5 Rc8 25. Qb2 Qf4 26. Ne2 Qe3 27. Re1 Rc5 28. Kd1 Bc4 29. Nd4 Qxa3 30. Qxa3 Rxa3 31. Bxc4 Nxc4 32. Rf2 Ne3+ 33. Kd2 Nxc2 34. Nxc2 Rxc2+ 35. Kxc2 Ra2+ 36. Kd3 Rxf2 37. Rg1 Kg7 38. h3 Kf6 39. Ke3 Rb2 40. Rd1 Ke6 41. g3 b5 42. h4 b4 43. hxg5 hxg5 44. Kd4 Rg2 0-1


[Site "http://www.Chess.com"]

[Event "FIDE World Rapid Chess Championship 2021"]
[White "Van Foreest, Lucas"]
[Black "Zvjaginsev, Vadim"]
[WhiteFideId "1039792"]
[BlackFideId "4113403"]
[WhiteElo "2374"]
[BlackElo "2539"]
[Result "1/2-1/2"]
[Round "07"]
[TimeControl "900+10"]
[Date "2021.12.27"]
[WhiteClock "0:05:17"]
[BlackClock "0:01:48"]

1. e4 c5 2. c3 e6 3. Nf3 Nc6 4. d4 d5 5. exd5 exd5 6. Bb5 Bd6 7. dxc5 Bxc5 8. O-O Nf6 9. Re1+ Be6 10. Be3 Bxe3 11. Rxe3 O-O 12. Na3 Qb6 13. Nd4 Nxd4 14. Qxd4 Qxd4 15. cxd4 Rfc8 16. f3 a6 17. Bd3 Ne8 18. Rd1 Nd6 19. Nb1 b5 20. Re2 g6 21. Nd2 Bf5 22. Bxf5 Nxf5 23. Nb3 a5 24. g4 Nd6 25. Nc5 a4 26. Kf2 b4 27. Nd7 Ra5 28. Nc5 Nb5 29. Nd7 Kg7 30. Rdd2 a3 31. b3 Rc7 32. Nc5 Ra8 33. Re1 Nc3 34. Nd3 Rb8 35. Rc1 Rbc8 36. Kg2 Rb8 37. Rdc2 Re7 38. Kf2 g5 39. Nxb4 Ne4+ 40. fxe4 Rxb4 41. Rc5 Rxe4 42. Rxd5 Rxg4 43. Rc4 Rb7 44. Rf5 Kg6 45. Rf3 Re4 46. Re3 Rf4+ 47. Rf3 Re4 48. Re3 Rf4+ 49. Rf3 1/2-1/2


[Site "http://www.Chess.com"]

[Event "FIDE World Rapid Chess Championship 2021"]
[White "Murzin, Volodar"]
[Black "Szpar, Milosz"]
[WhiteFideId "44155573"]
[BlackFideId "1184989"]
[WhiteElo "2523"]
[BlackElo "2315"]
[Result "1/2-1/2"]
[Round "07"]
[TimeControl "900+10"]
[Date "2021.12.27"]
[WhiteClock "0:00:41"]
[BlackClock "0:00:24"]

1. e4 c5 2. Nf3 d6 3. Bb5+ Bd7 4. Bxd7+ Nxd7 5. O-O Ngf6 6. Qe2 e6 7. c3 Be7 8. d4 O-O 9. Rd1 Rc8 10. e5 Ne8 11. Bf4 Qb6 12. d5 dxe5 13. Nxe5 Nxe5 14. Bxe5 exd5 15. Rxd5 Qe6 16. Rd2 Rd8 17. Kf1 Nf6 18. Bxf6 Qxf6 19. Rxd8 Rxd8 20. Nd2 Qf4 21. Nf3 Bf6 22. Re1 g6 23. Qb5 b6 24. h3 h5 25. Qe2 Qa4 26. a3 Qb3 27. g3 b5 28. Kg2 a5 29. h4 b4 30. Qa6 Kg7 31. Qxa5 bxc3 32. bxc3 Qxc3 33. Qxc3 Bxc3 34. Rc1 Bb2 35. Rxc5 Bxa3 36. Rc7 Re8 1/2-1/2


[Site "http://www.Chess.com"]

[Event "FIDE World Rapid Chess Championship 2021"]
[White "Moroni, Luca Jr"]
[Black "Aditya, Mittal"]
[WhiteFideId "865834"]
[BlackFideId "35042025"]
[WhiteElo "2519"]
[BlackElo "1488"]
[Result "1-0"]
[Round "07"]
[TimeControl "900+10"]
[Date "2021.12.27"]
[WhiteClock "0:00:45"]
[BlackClock "0:00:18"]

1. d4 Nf6 2. c4 e6 3. Nc3 Bb4 4. Nf3 b6 5. e3 O-O 6. Bd3 d5 7. O-O Bb7 8. cxd5 exd5 9. Ne5 Bd6 10. f4 c5 11. g4 cxd4 12. exd4 Ne4 13. g5 Nd7 14. Be3 Nxe5 15. fxe5 Be7 16. h4 f5 17. gxf6 gxf6 18. Bh6 Kh8 19. Bxf8 Qxf8 20. Bxe4 dxe4 21. Qh5 e3 22. Kh2 Rd8 23. Ne2 Ba6 24. Rf4 Qe8 25. Qxe8+ Rxe8 26. Ng3 fxe5 27. dxe5 Rc8 28. Nf5 Bf8 29. Re1 e2 30. Nd6 Rb8 31. Rg1 Bg7 32. e6 h6 33. e7 Bb5 34. Re4 Be8 35. Rxe2 Bf6 36. Rf1 Kg7 37. Rg2+ 1-0


[Site "http://www.Chess.com"]

[Event "FIDE World Rapid Chess Championship 2021"]
[White "Babazada, Khazar"]
[Black "Smirin, Ilia"]
[WhiteFideId "13413554"]
[BlackFideId "2801990"]
[WhiteElo "2170"]
[BlackElo "2663"]
[Result "1-0"]
[Round "07"]
[TimeControl "900+10"]
[Date "2021.12.27"]
[WhiteClock "0:00:40"]
[BlackClock "0:01:05"]

1. e4 g6 2. d4 Bg7 3. Nc3 d6 4. Nf3 Nf6 5. h3 O-O 6. Be2 c5 7. dxc5 Qa5 8. O-O Qxc5 9. Be3 Qa5 10. Qd2 Nc6 11. a3 Re8 12. Rfe1 Bd7 13. b4 Qd8 14. Bc4 Rc8 15. Bb3 Be6 16. Bxe6 fxe6 17. Rad1 Nd7 18. Ng5 Nf8 19. Ne2 Ne5 20. Bd4 Qc7 21. c3 a6 22. Qa2 Qc4 23. Qxc4 Nxc4 24. Bxg7 Kxg7 25. Nf4 e5 26. Nd5 Nxa3 27. f4 Nc4 28. f5 h6 29. Ne6+ Nxe6 30. fxe6 Rf8 31. Rf1 Rxf1+ 32. Kxf1 Nb2 33. Rd2 Na4 34. Rd3 b6 35. Ke2 a5 36. Kd2 Rf8 37. Rg3 Re8 38. Kc2 axb4 39. cxb4 b5 40. Kb3 h5 41. h4 Kh6 42. Rf3 g5 43. hxg5+ Kxg5 44. Rf7 h4 45. Rh7 Rg8 46. Rxe7 Kh6 47. Rf7 Rg3+ 48. Kc2 Rxg2+ 49. Kb3 Rg3+ 50. Kc2 Rg2+ 51. Kc1 h3 52. Rf3 h2 53. Rh3+ Kg7 54. e7 Nc3 55. e8=Q Ne2+ 56. Kb1 1-0


[Site "http://www.Chess.com"]

[Event "FIDE World Rapid Chess Championship 2021"]
[White "Cuenca Jimenez, Jose Fernando"]
[Black "Harikrishna, Pentala"]
[WhiteFideId "2255570"]
[BlackFideId "5007003"]
[WhiteElo "2421"]
[BlackElo "2705"]
[Result "1/2-1/2"]
[Round "07"]
[TimeControl "900+10"]
[Date "2021.12.27"]
[WhiteClock "0:00:23"]
[BlackClock "0:02:33"]

1. d4 Nf6 2. c4 e6 3. Nf3 d5 4. Nc3 c6 5. Bg5 Nbd7 6. e3 Qa5 7. Nd2 Bb4 8. Rc1 Ne4 9. Ndxe4 dxe4 10. Bh4 Qxa2 11. Qc2 Nb6 12. Be2 Na4 13. O-O Bxc3 14. bxc3 Qxc2 15. Rxc2 Nb6 16. Ra1 Nd7 17. c5 O-O 18. Rca2 a6 19. Be7 Re8 20. Bd6 e5 21. Rb2 exd4 22. cxd4 Nf6 23. Bc4 h6 24. Ra5 Be6 25. Bxe6 Rxe6 26. Rxb7 Nd5 27. Bg3 g5 28. Rb6 f5 29. Be5 f4 30. exf4 gxf4 31. Rbxa6 Rae8 32. Ra7 R6e7 33. Kf1 Kf7 34. R5a6 Rxa7 35. Rxa7+ Re7 36. Rxe7+ Kxe7 37. f3 e3 38. g3 fxg3 39. hxg3 h5 40. Ke2 Ke6 41. Bg7 Ne7 42. g4 hxg4 43. fxg4 Nd5 44. Bh6 Nf6 45. Kf3 e2 46. Bd2 Kd5 47. g5 Ng8 48. Kxe2 Kxd4 49. Be3+ Ke5 50. Kd3 Ne7 51. Kc4 Nd5 52. Bd2 Kf5 53. Kb3 Nc7 54. Kb4 Na6+ 55. Kc4 Nc7 56. Be3 Nd5 57. Bc1 Nc7 58. Be3 Nd5 59. Bc1 Nc7 60. Kb4 Na6+ 61. Kc4 Ke5 1/2-1/2


[Site "http://www.Chess.com"]

[Event "FIDE World Rapid Chess Championship 2021"]
[White "Halkias, Stelios"]
[Black "Nevednichy, Vladislav"]
[WhiteFideId "4201809"]
[BlackFideId "1205730"]
[WhiteElo "2576"]
[BlackElo "2425"]
[Result "1-0"]
[Round "07"]
[TimeControl "900+10"]
[Date "2021.12.27"]
[WhiteClock "0:01:52"]
[BlackClock "0:02:38"]

1. Nf3 Nf6 2. c4 d6 3. Nc3 g6 4. g3 Bg7 5. Bg2 O-O 6. d4 c6 7. O-O Bf5 8. Re1 Ne4 9. Qb3 Nxc3 10. bxc3 Bc8 11. e4 Nd7 12. Bg5 h6 13. Bf4 e5 14. Be3 c5 15. a4 Qc7 16. a5 Rb8 17. dxe5 dxe5 18. Red1 b6 19. Qb5 Re8 20. axb6 axb6 21. Rab1 Rb7 22. h3 Nf6 23. Nd2 Bd7 24. Qb3 Bc6 25. Ra1 1-0


[Site "http://www.Chess.com"]

[Event "FIDE World Rapid Chess Championship 2021"]
[White "Blohberger, Felix"]
[Black "Gagunashvili, Merab"]
[WhiteFideId "1632051"]
[BlackFideId "13601652"]
[WhiteElo "2409"]
[BlackElo "2538"]
[Result "1-0"]
[Round "07"]
[TimeControl "900+10"]
[Date "2021.12.27"]
[WhiteClock "0:02:40"]
[BlackClock "0:00:11"]

1. d4 d6 2. e4 Nf6 3. Nc3 e5 4. dxe5 dxe5 5. Qxd8+ Kxd8 6. Bc4 Ke8 7. Nf3 Bd6 8. Be3 a6 9. a4 h6 10. Ke2 Bg4 11. h3 Bh5 12. g4 Bg6 13. Nh4 Nxe4 14. Nxg6 Nxc3+ 15. bxc3 fxg6 16. Rab1 Nc6 17. Bd3 Rb8 18. Bxg6+ Ke7 19. Be4 Na5 20. f3 b6 21. Rhd1 Nb7 22. Bxb6 Nc5 23. Bxc5 Bxc5 24. Rxb8 Rxb8 25. Rd5 Bd6 26. Ra5 Rb6 27. Bd3 Rc6 28. Kd2 Kf6 29. Bxa6 Rc5 30. Rxc5 Bxc5 31. Kd3 Ke6 32. Ke4 Be7 33. Bc8+ Kd6 34. a5 Bf6 35. a6 1-0


[Site "http://www.Chess.com"]

[Event "FIDE World Rapid Chess Championship 2021"]
[White "Kuzmicz, Krystian"]
[Black "Donchenko, Alexander"]
[WhiteFideId "1119125"]
[BlackFideId "24603295"]
[WhiteElo "2314"]
[BlackElo "2535"]
[Result "0-1"]
[Round "07"]
[TimeControl "900+10"]
[Date "2021.12.27"]
[WhiteClock "0:01:54"]
[BlackClock "0:06:32"]

1. e4 c5 2. d3 Nc6 3. g3 g6 4. Bg2 Bg7 5. f4 e6 6. Nf3 Nge7 7. O-O O-O 8. c3 b5 9. Be3 d6 10. d4 cxd4 11. cxd4 Qb6 12. Bf2 d5 13. e5 a5 14. Re1 b4 15. g4 Ba6 16. Nbd2 Bd3 17. Re3 Bb5 18. Nb3 Bh6 19. Ng5 Bg7 20. Rh3 h6 21. Nf3 Rac8 22. Qd2 Rc7 23. Be3 Rfc8 24. f5 exf5 25. Bxh6 Bxe5 26. Nxe5 Nxe5 27. Bf4 Nxg4 28. Bxc7 Rxc7 29. Re1 a4 30. Nc5 Rxc5 31. Rxe7 Rc4 32. Bxd5 Rxd4 0-1


[Site "http://www.Chess.com"]

[Event "FIDE World Rapid Chess Championship 2021"]
[White "Wieczorek, Oskar"]
[Black "Klekowski, Maciej"]
[WhiteFideId "1133950"]
[BlackFideId "1132717"]
[WhiteElo "2367"]
[BlackElo "2528"]
[Result "0-1"]
[Round "07"]
[TimeControl "900+10"]
[Date "2021.12.27"]
[WhiteClock "0:00:24"]
[BlackClock "0:05:28"]

1. e4 c5 2. Nf3 Nc6 3. d4 cxd4 4. Nxd4 e6 5. Nc3 a6 6. Qd3 d6 7. Nxc6 bxc6 8. Qg3 h5 9. h4 Qb6 10. Be2 e5 11. O-O Nf6 12. Bg5 Be6 13. Qd3 a5 14. Na4 Qb4 15. b3 Qxe4 16. Bf3 Qxd3 17. Bxc6+ Bd7 18. Bxd7+ Kxd7 19. cxd3 Nd5 20. Rac1 f6 21. Bd2 Be7 22. Rc4 f5 23. Rfc1 f4 24. g3 g5 25. hxg5 fxg3 26. fxg3 Rag8 27. Kh2 Bxg5 28. Bxg5 Rxg5 29. Re1 Rhg8 30. d4 e4 31. Nc3 Nf6 32. Ne2 h4 33. Rc3 Nd5 0-1


[Site "http://www.Chess.com"]

[Event "FIDE World Rapid Chess Championship 2021"]
[White "Lima, Darcy"]
[Black "Dziuba, Marcin"]
[WhiteFideId "2100045"]
[BlackFideId "1112953"]
[WhiteElo "2505"]
[BlackElo "2424"]
[Result "0-1"]
[Round "07"]
[TimeControl "900+10"]
[Date "2021.12.27"]
[WhiteClock "0:00:27"]
[BlackClock "0:00:21"]

1. d4 Nf6 2. c4 g6 3. Nc3 Bg7 4. e4 d6 5. Be2 O-O 6. Be3 Nc6 7. d5 Ne5 8. h3 e6 9. Nf3 Nxf3+ 10. Bxf3 Nd7 11. O-O a5 12. Qd2 e5 13. g3 Nb6 14. Bxb6 cxb6 15. h4 f5 16. Kg2 Bd7 17. Rh1 h5 18. exf5 gxf5 19. Bxh5 Kh7 20. Rae1 Bh6 21. Qd1 a4 22. Nb5 Qf6 23. Qd3 Rac8 24. b3 e4 25. Qd4 Bc6 26. Qxf6 Bxb5 27. cxb5 Rxf6 28. g4 a3 29. Rxe4 fxg4 30. Rf1 Rc2 31. Ra4 Rxa2 32. Kg3 Be3 33. Kxg4 Bxf2 34. Rh1 Bxh4 0-1


[Site "http://www.Chess.com"]

[Event "FIDE World Rapid Chess Championship 2021"]
[White "Kanarek, Marcel"]
[Black "Janik, Igor"]
[WhiteFideId "1126822"]
[BlackFideId "1159259"]
[WhiteElo "2296"]
[BlackElo "2462"]
[Result "0-1"]
[Round "07"]
[TimeControl "900+10"]
[Date "2021.12.27"]
[WhiteClock "0:00:07"]
[BlackClock "0:01:18"]

1. d4 Nf6 2. Bf4 d6 3. Nc3 Bf5 4. g3 Nbd7 5. Nf3 h6 6. Bg2 c6 7. O-O Qc7 8. Re1 e5 9. e4 Bh7 10. Bc1 Be7 11. h3 O-O 12. b3 Rfe8 13. Bb2 Bf8 14. dxe5 dxe5 15. Nh4 Rad8 16. Qc1 Nc5 17. a4 a5 18. Nf5 Ne6 19. Ne2 Bc5 20. Ba3 Qb6 21. Bxc5 Qxc5 22. c3 Rd7 23. Qc2 Red8 24. Rad1 Bxf5 25. exf5 Nd4 26. Nxd4 exd4 27. Rd3 dxc3 28. Rxc3 Qb4 29. Rce3 Rd2 30. Qc4 Qxc4 31. bxc4 Rd1 32. Rxd1 Rxd1+ 33. Kh2 Kf8 34. Rb3 Rd7 35. g4 Ke7 36. c5 Kd8 37. f4 Kc7 38. g5 Nh5 39. f6 hxg5 40. fxg7 Nxg7 41. fxg5 Ne6 42. h4 Nxc5 43. Rf3 b5 44. Bh3 Re7 45. h5 Ne4 46. axb5 cxb5 47. Rf5 Nd6 48. Rc5+ Kb6 49. Rd5 Re2+ 50. Bg2 Nc4 51. h6 Ne3 52. h7 Rxg2+ 53. Kh1 Nxd5 54. h8=Q Rd2 55. Qd8+ Kc5 56. Qf8+ Kc4 57. Qxf7 a4 58. g6 a3 59. g7 Rd1+ 60. Kh2 a2 61. g8=Q Rd2+ 62. Kg3 Rd3+ 63. Kh2 a1=Q 64. Qg4+ Kb3 65. Qe2 Qd4 66. Qfh5 Rd2 67. Qf3+ Kb2 68. Kh1 Nc3 69. Qee3 Qh8+ 70. Qh3 Qa8+ 71. Kg1 Qa1+ 72. Qf1 Qxf1+ 73. Kxf1 Rd1+ 74. Kg2 b4 75. Qf2+ Kb3 76. Kh3 Rd3+ 77. Kh4 Kc4 78. Kh5 b3 79. Qg2 Na4 80. Qe4+ Rd4 81. Qe2+ Kb4 82. Qe1+ Nc3 83. Qe7+ Kc4 84. Qb7 Rd5+ 85. Kh6 Nb5 86. Qc6+ Rc5 87. Qe6+ Kb4 88. Qe1+ Nc3 89. Qf2 Rc6+ 90. Kh7 Na4 91. Qd4+ Rc4 92. Qd6+ Nc5 93. Qf6 Rc2 94. Qd4+ Kb5 95. Qd1 Rh2+ 96. Kg8 Rg2+ 97. Kh8 Rh2+ 98. Kg8 b2 99. Qf1+ Kb6 100. Qf6+ Kb5 101. Qf1+ Ka5 102. Qg1 Rc2 103. Qb1 Rd2 104. Qe1 Nb3 105. Qe5+ Kb4 106. Qb8+ Kc4 107. Qf4+ Rd4 108. Qf1+ Kb4 109. Qf8+ Nc5 110. Kh8 Kc4 111. Qf1+ Nd3 112. Qf7+ Kc3 113. Qc7+ Rc4 114. Qa5+ Kb3 115. Qb6+ Kc2 116. Qe6 Rh4+ 117. Kg8 b1=Q 118. Qc6+ Kd2 119. Qg2+ Kc3 0-1


[Site "http://www.Chess.com"]

[Event "FIDE World Rapid Chess Championship 2021"]
[White "Faizrakhmanov, Ramil"]
[Black "Dragnev, Valentin"]
[WhiteFideId "24103209"]
[BlackFideId "1634852"]
[WhiteElo "2461"]
[BlackElo "2409"]
[Result "1-0"]
[Round "07"]
[TimeControl "900+10"]
[Date "2021.12.27"]
[WhiteClock "0:01:37"]
[BlackClock "0:00:52"]

1. d4 Nf6 2. c4 g6 3. Nc3 d5 4. cxd5 Nxd5 5. e4 Nxc3 6. bxc3 Bg7 7. Nf3 c5 8. Bb5+ Nc6 9. Rb1 O-O 10. d5 a6 11. Be2 Ne5 12. O-O Nxf3+ 13. Bxf3 Bxc3 14. Be3 Qa5 15. h4 Be5 16. Qc2 Bd4 17. Bxd4 cxd4 18. Rfc1 Bd7 19. Qc7 Qxc7 20. Rxc7 Bb5 21. Rxe7 Rac8 22. Rd1 d3 23. e5 Rfe8 24. Rxe8+ Rxe8 25. Re1 d2 26. Rd1 Rxe5 27. Rxd2 Bd7 28. Rc2 Kf8 29. Rc7 Ke7 30. Rxb7 Re1+ 31. Kh2 Ra1 32. d6+ Kxd6 33. Rb6+ Kc5 34. Rxa6 Be6 35. a4 Kb4 36. Bc6 Kc5 37. Be8 h6 38. Ra7 Kd6 39. Bxf7 Bxf7 40. Rxf7 Rxa4 41. Rf6+ Ke5 42. Rxg6 Rxh4+ 43. Kg3 Rh1 44. Kg4 h5+ 45. Kg5 Rh2 46. f4+ Ke4 47. Re6+ Kd5 48. f5 h4 49. Re1 Rxg2+ 50. Kxh4 Kd6 51. Kh5 Kd7 52. f6 Rg3 53. f7 Rf3 54. Kg6 Rg3+ 55. Kf6 Rf3+ 56. Kg7 Rg3+ 57. Kf8 Ra3 58. Rg1 1-0


[Site "http://www.Chess.com"]

[Event "FIDE World Rapid Chess Championship 2021"]
[White "Gumularz, Szymon"]
[Black "Jakubowski, Krzysztof"]
[WhiteFideId "1188062"]
[BlackFideId "1112848"]
[WhiteElo "2452"]
[BlackElo "2399"]
[Result "1-0"]
[Round "07"]
[TimeControl "900+10"]
[Date "2021.12.27"]
[WhiteClock "0:00:47"]
[BlackClock "0:00:11"]

1. e4 c5 2. Nf3 d6 3. Bb5+ Nd7 4. a4 Nf6 5. Nc3 e6 6. O-O Be7 7. d4 cxd4 8. Qxd4 O-O 9. Rd1 a6 10. Be2 Qc7 11. Be3 b6 12. Nd2 Bb7 13. Nc4 d5 14. exd5 Bc5 15. Bf4 Qc8 16. Qd3 exd5 17. Nd6 Bxd6 18. Bxd6 Re8 19. Bf3 Ne4 20. Bxe4 dxe4 21. Qg3 e3 22. fxe3 Re6 23. Rd4 Rg6 24. Rg4 Nf6 25. Rxg6 hxg6 26. Be5 Qe6 27. Bd4 Rd8 28. Rf1 Ne4 29. Nxe4 Bxe4 30. Rf2 b5 31. axb5 axb5 32. h3 Rd5 33. Qb8+ Kh7 34. Qf4 f6 35. Qc7 Rf5 36. Qg3 Rg5 37. Qh4+ Kg8 38. Kh2 Qc6 39. g4 Bxc2 40. Qg3 Be4 41. h4 Rd5 42. Qf4 Rd7 43. g5 f5 44. h5 gxh5 45. Qb8+ Kh7 46. Qe8 Qd6+ 47. Be5 Qg6 48. Qxd7 Qxg5 49. Qxg7+ Qxg7 50. Bxg7 Kxg7 51. Kg3 b4 52. Kh4 Kg6 53. Rd2 f4 54. Rd4 Kf5 55. exf4 b3 56. Kg3 1-0


[Site "http://www.Chess.com"]